AoeStats
← Green Assassin

Black Forest

505939134Analyzed
4v4 RM · 19d ago on Sep 11, 2026· 23m 55s· 8 players
Game mode
Random Map
Map size
Large (8 player)
Population
200
Speed
Normal
Resources
Standard
Victory
Conquest
Starting age
Dark Age
Ending age
Imperial Age
RankedLock teamsTeams togetherTeam positionsShared explorationLock speedFull tech treeHidden civsTurbo modeCheats
Victory
Defeat
🇷🇺 Vietnamese · Russia
1261
+13
🇵🇪 Malay · Peru
1254
+13
🇧🇷 Japanese · Brazil
1146
+18
🇲🇽 Persians · Mexico
1095
+20
🇩🇪 Chinese · Germany
1208
-17
🇨🇳 Celts · China
1186
-16
🇹🇭 Aztecs · Thailand
1182
-16
🇩🇪 Franks · Germany
1169
-15
Green Assassin
0:30 Loom
19:38 Feudal Age
苍真
11:19 Feudal Age
15:26 Castle Age
15:07 Double-Bit Axe
15:03 Horse Collar
17:31 Bow Saw
17:22 Heavy Plow
18:46 Wheelbarrow
Schrotty
0:41 Loom
13:56 Feudal Age
15:11 Double-Bit Axe
17:42 Castle Age
16:30 Stone Mining
16:25 Horse Collar
16:50 Gold Mining
18:49 Bow Saw
20:09 Heavy Plow
23:19 Fletching
Stinkin Hippy
0:29 Loom
13:06 Feudal Age
17:42 Castle Age
16:11 Gold Mining
16:09 Double-Bit Axe
16:07 Horse Collar
19:13 Bow Saw
19:57 Wheelbarrow
20:39 Scale Mail Armor
21:06 Eagle Warrior
21:46 Pikeman
Tlacaelel.MX
0:49 Loom
12:48 Feudal Age
18:01 Castle Age
18:41 Double-Bit Axe
18:50 Horse Collar
22:24 Stone Mining
23:51 Wheelbarrow
۞_KDZ_۞
11:06 Feudal Age
12:26 Feudal Age
14:42 Wheelbarrow
14:29 Gold Mining
17:10 Castle Age
16:37 Double-Bit Axe
19:11 Scale Barding Armor
kraquen
1:13 Loom
sybertuk
11:56 Feudal Age
13:07 Double-Bit Axe
15:28 Castle Age
13:17 Horse Collar
16:30 Loom
17:21 Wheelbarrow
18:50 Bow Saw
20:59 Heavy Plow
23:32 Gold Mining
23:32 Stone Mining
Connection lost

Rejoining the realm…

Still unreachable

The connection could not be restored.

Session expired

The server has moved on; the page needs a fresh start.